 Dungeon Crawl Stone Soup version 0.28-a0-1435-g82390b3a13 (webtiles) character file.

Game seed: 5354987286600135772

193 hashsling the Poker (level 5, -2/40 (42) HPs)
             Began as a Merfolk Warper on Jan 9, 2022.
             Was an Initiate of Gozag.
             Killed from afar by Dowan (8 damage)
             ... with a puff of flame
             ... on level 4 of the Dungeon.
             The game lasted 00:23:22 (3624 turns).

hashsling the Poker (Merfolk Warper)                Turns: 3624, Time: 00:23:23

HP:   -2/40 (42)    AC:  5    Str: 11    XL:     5   Next: 72%
MP:   2/8           EV: 13    Int: 13    God:    Gozag
Gold: 111           SH:  0    Dex: 15    Spells: 2/8 levels left

rFire   . . .      SeeInvis .   a - +0 spear
rCold   . . .      Faith    .   (no shield)
rNeg    . . .      Spirit   .   b - +0 leather armour
rPois   +          Reflect  .   (no helmet)
rElec   .          Harm     .   (no cloak)
rCorr   .          Rampage  .   f - +1 pair of gloves
Will    .....                   (no boots)
Stlth   +.........              (no amulet)
HPRegen 0.13/turn               h - ring of poison resistance
MPRegen 0.11/turn               (no ring)

@: on blink cooldown, lightly drained
A: (nimble swimmer 2), mertail
a: Renounce Religion, Potion Petition, Call Merchant, Bribe Branch


You were on level 4 of the Dungeon.
You worshipped Gozag.
Gozag was aware of your devotion.
You visited 2 branches of the dungeon, and saw 5 of its levels.

You collected 162 gold pieces.
You paid 51 gold pieces to Gozag.

Inventory:

Hand Weapons
 a - a +0 spear (weapon)
Missiles
 d - a boomerang of dispersal (quivered)
Armour
 b - a +0 leather armour (worn)
 f - a +1 pair of gloves (worn)
Jewellery
 h - a ring of poison resistance (left hand)
Scrolls
 e - a scroll of teleportation
 j - a scroll of vulnerability {unknown}
 k - a scroll of torment {unknown}
Potions
 c - a potion of degeneration
 g - a potion of curing
 i - 2 potions of invisibility {unknown}
 m - a potion of ambrosia {unknown}
 n - a potion of attraction {unknown}
 o - a potion of resistance {unknown}


   Skills:
 * Level 3.9 Fighting
 * Level 5.3 Polearms
 - Level 1.5 Throwing
 - Level 1.0 Armour
 - Level 4.0 Dodging
 - Level 2.0 Spellcasting
 + Level 2.7 Translocations


You had 2 spell levels left.
You knew the following spells:

 Your Spells              Type           Power      Damage    Failure   Level
a - Blink                 Tloc           16%        N/A       17%         2
b - Apportation           Tloc           16%        N/A       11%         1
c - Gell's Gravitas       Tloc           8%         N/A       32%         3

Your spell library contained the following spells:

 Spells                   Type           Power      Damage    Failure   Level
 Animate Skeleton         Necr           2%         N/A       32%         1
 Foxfire                  Conj/Fire      4%         2x1d4     32%         1
 Summon Small Mammal      Summ           4%         N/A       32%         1
 Lesser Beckoning         Tloc           8%         N/A       32%         3
 Teleport Other           Tloc           8%         N/A       32%         3
 Conjure Flame            Conj/Fire      1%         6-21      69%         3
 Inner Flame              Hex/Fire       1%         N/A       69%         3
 Flame Wave               Conj/Fire      1%         2d4       97%         4
 Manifold Assault         Tloc           8%         N/A       97%         5
 Alistair's Intoxication  Tmut/Pois      0%         N/A       100%        5


Dungeon Overview and Level Annotations

Branches:
Dungeon (4/15)             Temple (1/1) D:4

Altars:
Ashenzari
Cheibriados
Elyvilon
Gozag
Hepliaklqana
Kikubaaqudgha
Makhleb
Nemelex Xobeh
Qazlal
Ru
Sif Muna
Uskayaw
Vehumet
Wu Jian
Xom
Yredelemnul
Zin
The Shining One

Shops:
D:3 ?

Annotations:
D:4 Dowan, Duvessa


Innate Abilities, Weirdness & Mutations

((You are very nimble when in or above water. (Stealth+, EV+, Speed+++)))
Your lower body shifts to a powerful aquatic tail in water.


Message History

Duvessa is severely wounded.
Duvessa closely misses you. Dowan hits you but does no damage.
You feel drained. Duvessa barely misses you.
Reach: a) +0 spear
Press: ? - help, Dir - move target, f/p - Duvessa
Aim: Duvessa, wielding a +0 short sword and wearing a +0 leather armour (severely wounded, fast, poisoned, about 32% to evade your +0 spear)
You hit Duvessa but do no damage.
Duvessa is severely wounded.
Duvessa looks more healthy.
Duvessa hits you with a +0 short sword!
* * * LOW HITPOINT WARNING * * *
Dowan misses you.
You feel better. Duvessa hits you with a +0 short sword!
* * * LOW HITPOINT WARNING * * *
Dowan hits you but does no damage.
You feel drained.
There are no items here.
You feel better. Duvessa hits you with a +0 short sword.
* * * LOW HITPOINT WARNING * * *
Duvessa hits you with a +0 short sword.
* * * LOW HITPOINT WARNING * * *
Dowan barely misses you.
Your magical contamination has completely faded away.
Reach: a) +0 spear
Press: ? - help, Dir - move target, f/p - Duvessa
Aim: Duvessa, wielding a +0 short sword and wearing a +0 leather armour (severely wounded, fast, about 32% to evade your +0 spear)
You hit Duvessa but do no damage.
Duvessa is severely wounded.
You feel stable enough to blink again. Duvessa hits you with a +0 short sword.
* * * LOW HITPOINT WARNING * * *
Casting: Blink (safe; 17% risk of failure)
Confirm with . or Enter, or press ? or * to list all spells.
You blink.
Reach: a) +0 spear
Press: ? - help, Dir - move target, f/p - Duvessa
Aim: Duvessa, wielding a +0 short sword and wearing a +0 leather armour (severely wounded, fast, about 32% to evade your +0 spear)
You barely miss Duvessa.
Duvessa is severely wounded.
Dowan zaps a wand.
The puff of flame hits you!
You die...
Your body crumbles into a pile of gold.

..## #...(# ## #..##
##.###(# .. ....####..#
#.# . .......'..# #.## .#
#...####..#### #.###:##
....# ##....# ##....?#.#
....# #....# #.ยง.....#
#.#######....####e.....##
#.# #..........@.e..#.#
#.####.##.......>##### #
#........)##..##.#
######........##.#
#..#.#...##.#
#............
##.#.#...##.#
#.#.....##.# #.#.#.###


You could see Duvessa (fast) and Dowan.

Vanquished Creatures
  An ogre (D:4)
  7 adders
  2 dart slugs
  An orc (D:3)
  4 ball pythons
  5 endoplasms
  3 giant cockroaches
  4 goblins
  6 hobgoblins
  3 kobolds
  5 bats
  3 frilled lizards (D:1)
  3 rats
47 creatures vanquished.

Notes
Turn   | Place    | Note
-------+----------+-------------------------------------------
     0 | D:1      | hashsling the Merfolk Warper began the quest for the Orb.
     0 | D:1      | Reached XP level 1. HP: 16/16 MP: 3/3
   264 | D:1      | Reached XP level 2. HP: 23/23 MP: 5/5
  1174 | D:2      | HP: 1/23 [adder (2)]
  1179 | D:2      | Reached XP level 3. HP: 2/28 MP: 6/6
  1368 | D:2      | Reached skill level 4 in Polearms
  1368 | D:2      | Reached skill level 1 in Armour
  1372 | D:2      | Learned a level 2 spell: Blink
  1374 | D:2      | Learned a level 1 spell: Apportation
  1680 | D:2      | Reached XP level 4. HP: 27/35 MP: 7/7
  2424 | D:3      | Found Forus's Magic Scroll Boutique.
  2477 | D:3      | Found a faded altar of an unknown god.
  3050 | D:4      | Noticed Duvessa
  3091 | D:4      | Learned a level 3 spell: Gell's Gravitas
  3154 | D:4      | Found a staircase to the Ecumenical Temple.
  3155 | D:4      | Noticed an ogre
  3182 | D:4      | Killed an ogre
  3183 | D:4      | Reached skill level 5 in Polearms
  3183 | D:4      | Reached XP level 5. HP: 42/42 MP: 4/8
  3242 | Temple   | Entered the Ecumenical Temple
  3522 | Temple   | Became a worshipper of Gozag Ym Sagoz the Greedy
  3565 | D:4      | Noticed a steam dragon
  3599 | D:4      | Noticed Dowan
  3624 | D:4      | Killed from afar by Dowan

Illustrated notes

Levels and vault maps discovered:
D:1:      dpeg_arrival_arbitrary_c, layout_basic
D:2:      layout_basic
D:3:      layout_basic, serial_shops, nicolae_shop_waterfront,
          hellmonk_ecumenical_altar_lost_god, st_stairs_13
D:4:      layout_loops_corners, lightli_temple_of_fire,
          minmay_temple_entry_stoned_glass, minivault_24, uniq_duvessa,
          uniq_pikel
Temple:   regret_index_temple_mists

Skill      XL: |  1  2  3  4 |
---------------+-------------+-----
Dodging        | 3 4 |  4.0
Polearms       | 4 5 |  5.3
Armour         | 1 |  1.0
Fighting       | 3 |  3.9
Throwing       | |  1.5
Spellcasting   | |  2.0
Translocations | |  2.7

Action                   |  1- 3 |  4- 6 || total
-------------------------+-------+-------++-------
Melee: Spear             |   131 |   103 ||   234
       Punch             |     1 |       ||     1
Throw: Boomerang         |     3 |     1 ||     4
       Dart              |       |     4 ||     4
 Cast: Apportation       |     1 |       ||     1
       Blink             |       |     6 ||     6
  Use: Potion            |     2 |     2 ||     4
       Scroll            |     2 |     5 ||     7
 Stab: Sleeping          |     1 |       ||     1
Armor: Leather armour    |    32 |    16 ||    48
Dodge: Dodged            |    63 |    50 ||   113

Table legend: (Time is in decaauts)
 A = Elapsed time spent in this place.
 B = Non-inter-level travel time spent in this place.
 C = Inter-level travel time spent in this place.
 D = Time resting spent in this place.
 E = Time spent auto-exploring this place.
 F = Levels seen in this place.
 G = Mean time per level.
                   A        B        C        D        E       F      G
               +--------+--------+--------+--------+--------+-----+--------+
         Total |   3493 |   3449 |     44 |    174 |   2409 |   5 |  698.6 |
       Dungeon |   3301 |   3257 |     44 |    174 |   2409 |   4 |  825.2 |
        Temple |    192 |    192 |      0 |      0 |      0 |   1 |  192.0 |
               +--------+--------+--------+--------+--------+-----+--------+

Top non-repeatable levels by time:
     D:2: 1237 daAuts
     D:1: 1066 daAuts
     D:3: 758 daAuts
     D:4: 238 daAuts
  Temple: 192 daAuts
